 Dungeon Crawl Stone Soup version 0.20.0-10-g0535bb4 (webtiles) character file.

176 JarielCorvus the Magician (level 5, -2/28 HPs)
             Began as a Deep Elf Wizard on June 3, 2017.
             Slain by a hound skeleton (3 damage)
             ... on level 3 of the Dungeon.
             The game lasted 00:07:27 (2222 turns).

JarielCorvus the Magician (Deep Elf Wizard)         Turns: 2222, Time: 00:07:27

Health: -2/28      AC:  2    Str:  4    XL:     5   Next: 30%
Magic:  1/16       EV: 13    Int: 24    God:
Gold:   124        SH:  0    Dex: 13    Spells: 7/18 levels left

rFire    . . .     SeeInvis .   r - +0 short sword
rCold    . . .     Gourm    .   (no shield)
rNeg     . . .     Faith    .   a - +0 robe
rPois    .         Spirit   .   b - +0 hat
rElec    .         Reflect  .   (no cloak)
rCorr    .         Harm     .   (no gloves)
MR       .....                  (no boots)
Stlth    ++........             (no amulet)
Regen    0.1/turn               (no ring)
MPRegen  0.2/turn               (no ring)

@: flying, very slightly contaminated
A: no striking features
a: no special abilities


You were on level 3 of the Dungeon.
You were hungry.

You visited 1 branch of the dungeon, and saw 3 of its levels.

You collected 124 gold pieces.

Inventory:

Hand Weapons
 i - a +0 dagger
 r - a +0 short sword (weapon)
Armour
 a - a +0 robe (worn)
 b - a +0 hat (worn)
Jewellery
 s - an uncursed amulet of rage
Scrolls
 e - a scroll of blinking
 h - 3 scrolls of remove curse
 j - a scroll of recharging
Potions
 k - a potion of heal wounds
 l - a potion of agility
 m - a potion of degeneration {unknown}
 n - a potion of curing {unknown}
 q - a potion of ambrosia {unknown}
Books
 c - a book of Minor Magic

   Spells                             Type                      Level
   a - Magic Dart                     Conjuration                  1
   b - Blink                          Translocation                2
   c - Call Imp                       Summoning                    2
   d - Slow                           Hexes                        2
   e - Conjure Flame                  Conjuration/Fire             3
   f - Mephitic Cloud                 Conjuration/Poison/Air       3
Comestibles
 d - 2 bread rations
 g - 2 meat rations
 o - a royal jelly


   Skills:
 - Level 2.4 Dodging
 - Level 2.4 Stealth
 * Level 7.3 Spellcasting
 + Level 3.1 Conjurations
 - Level 1.1 Summonings
 - Level 1.1 Translocations


You had 7 spell levels left.
You knew the following spells:

 Your Spells              Type           Power        Failure   Level  Hunger
a - Magic Dart            Conj           ###.         1%          1    None
b - Blink                 Tloc           N/A          7%          2    None
c - Call Imp              Summ           ##......     7%          2    None
d - Conjure Flame         Conj/Fire      ###.....     11%         3    None
e - Mephitic Cloud        Conj/Pois/Air  ##......     14%         3    None


Dungeon Overview and Level Annotations

Branches:
Dungeon (3/15)

Altars:


Message History

Casting: Magic Dart
Confirm with . or Enter, or press ? or * to list all spells.
Aiming: Magic Dart
Press: ? - help, Shift-Dir - straight line, f - hound skeleton
Aim: a hound skeleton (moderately damaged)
The magic dart hits the hound skeleton.
The hound skeleton is moderately damaged.
The hound skeleton bites you but does no damage.
The orc priest calls down the wrath of Beogh upon you.
Beogh smites you!
* * * LOW HITPOINT WARNING * * *
The hound skeleton bites you.
* * * LOW HITPOINT WARNING * * *
The hound skeleton barely misses you.
Okay, then.
It was a potion of flight.
You feel very buoyant.
You fly up into the air.
The hound skeleton barely misses you. The hound skeleton bites you.
You die...

#.o# #.......##.#
##)###..#####(..#
#..........†)###
##..........###.
#o#........# #.
##...)...⌠..# #.
####o.###.......##
####..Z..#
#.......#
#....@.###
#.####.....
#.#...## #.#
..###. ##...###
#.. ### #...## ##.
##### .


You could see an orc priest, an orc and a hound skeleton.

Vanquished Creatures
  An orc wizard (D:3)
  Terence (D:3)
  3 adders
  An adder skeleton (D:2)
  4 worms
  2 dart slugs (D:1)
  4 leopard geckos
  5 orcs (D:3)
  9 bats
  A giant cockroach (D:1)
  7 hobgoblins
  7 jackals (D:2)
  6 kobolds
  4 frilled lizards
  9 goblins
  5 rats
69 creatures vanquished.

Notes
Turn   | Place    | Note
-------+----------+-------------------------------------------
     0 | D:1      | JarielCorvus the Deep Elf Wizard began the quest for the Orb.
     0 | D:1      | Reached XP level 1. HP: 10/10 MP: 7/7
   146 | D:1      | Reached XP level 2. HP: 15/15 MP: 5/9
   150 | D:1      | Learned a level 2 spell: Blink
   153 | D:1      | Learned a level 2 spell: Call Imp
   163 | D:1      | Reached skill level 5 in Spellcasting
   662 | D:2      | Reached XP level 3. HP: 19/19 MP: 9/12
   676 | D:2      | Learned a level 3 spell: Conjure Flame
   680 | D:2      | Learned a level 3 spell: Mephitic Cloud
  1114 | D:2      | Reached skill level 6 in Spellcasting
  1291 | D:2      | Reached XP level 4. HP: 24/24 MP: 5/14
  1891 | D:3      | Noticed Terence
  1900 | D:3      | Killed Terence
  2051 | D:3      | Reached XP level 5. HP: 22/28 MP: 6/16
  2060 | D:3      | Reached skill level 7 in Spellcasting
  2216 | D:3      | HP: 1/28 [hound skeleton (1)]
  2222 | D:3      | Slain by a hound skeleton

Skill      XL: |  1  2  3  4  5 |
---------------+----------------+-----
Spellcasting   | 5 6 7 |  7.3
Conjurations   | 2 3 |  3.1
Dodging        | |  2.4
Stealth        | |  2.4
Summonings     | |  1.1
Translocations | |  1.1

Action                   |  1- 3 |  4- 6 || total
-------------------------+-------+-------++-------
Melee: Unarmed           |     1 |       ||     1
       Short sword       |       |    16 ||    16
 Cast: Magic Dart        |   105 |    88 ||   193
       Mephitic Cloud    |       |     3 ||     3
  Use: Scroll            |       |    12 ||    12
       Potion            |       |     1 ||     1
  Eat: Chunk             |       |     3 ||     3
Armor: Robe              |     1 |     6 ||     7
Dodge: Dodged            |     7 |    24 ||    31
